 Dungeon Crawl Stone Soup version 0.24-a0-282-g1a68c91 (webtiles) character file.

Game seed: 12001521680594797722

534 MatthieuS the Shooter (level 7, -2/87 HPs)
             Began as a Centaur Arcane Marksman on May 2, 2019.
             Slain by an ogre
             ... wielding a +0 giant club
              (8 damage)
             ... on level 5 of the Dungeon.
             The game lasted 00:15:55 (5952 turns).

MatthieuS the Shooter (Centaur Arcane Marksman)     Turns: 5952, Time: 00:15:56

Health: -2/87      AC: 23    Str: 12    XL:     7   Next: 4%
Magic:  5/11       EV:  1    Int: 19    God:
Gold:   48         SH:  0    Dex: 10    Spells: 5/11 levels left

rFire    . . .     SeeInvis .   w - +0 shortbow
rCold    . . .     Gourm    .   (shield currently unavailable)
rNeg     + + +     Faith    +   (armour currently unavailable)
rPois    +         Spirit   .   (helmet currently unavailable)
rElec    .         Reflect  .   (cloak currently unavailable)
rCorr    .         Harm     .   (gloves currently unavailable)
MR       .....     NoTele   +   (no barding)
Stlth    +.........             m - amulet of faith {!P}
HPRegen  0.24/turn              i - +5 ring of intelligence
MPRegen  0.12/turn              g - ring of wizardry

@: tree-form, very slow
A: large
a: no special abilities


You were on level 5 of the Dungeon.
You were hungry.
You were a tree.
You visited 1 branch of the dungeon, and saw 5 of its levels.

You collected 250 gold pieces.
You spent 202 gold pieces at shops.

Inventory:

Hand Weapons
 a - a +2 short sword of venom
   (You bought it in a shop on level 4 of the Dungeon)
 w - a +0 shortbow (weapon)
Missiles
 d - 65 arrows (quivered)
Armour
 f - a +0 robe
 j - a +0 ring mail of cold resistance (melded)
   (You found it on level 1 of the Dungeon)
 v - a +1 helmet of see invisible (melded)
   (You found it on level 4 of the Dungeon)
Jewellery
 g - a ring of wizardry (right branch)
   (You found it on level 2 of the Dungeon)
 i - a +5 ring of intelligence (left branch)
   (You found it on level 1 of the Dungeon)
 m - an amulet of faith (around neck) {!P}
   (You found it on level 1 of the Dungeon)
 s - an uncursed ring of stealth
   (You found it on level 3 of the Dungeon)
Wands
 x - a wand of acid (12)
   (You found it on level 5 of the Dungeon)
Scrolls
 c - a scroll of remove curse {@r2}
 h - a scroll of enchant armour
 o - a scroll of identify {@r1}
 p - a scroll of amnesia
Potions
 k - a potion of agility {unknown}
 l - a potion of magic {unknown}
 q - a potion of lignification {!q}
Comestibles
 e - 8 rations


   Skills:
 + Level 3.6 Fighting
 * Level 7.4 Bows
 - Level 1.3 Dodging
 + Level 2.8 Spellcasting
 - Level 2.6 Hexes


You had 5 spell levels left.
You knew the following spells:

 Your Spells              Type           Power        Failure   Level  Hunger
a - Corona                Hex            ##.....      2%          1    None
b - Slow                  Hex            ##......     3%          2    ##.....
c - Portal Projectile     Hex/Tloc       #.....       11%         3    ###....

Your spell library contained the following spells:

 Spells                   Type           Power        Failure   Level  Hunger
 Inner Flame              Hex/Fire       #.......     11%         3    ###....
 Cause Fear               Hex            ##........   21%         4    ####...
 Leda's Liquefaction      Hex/Erth       #.........   32%         4    ####...


Dungeon Overview and Level Annotations

Branches:
Dungeon (5/15)
 Temple: D:4-7

Altars:

Shops:
D:4 (%


Innate Abilities, Weirdness & Mutations

((You have hooves in place of feet.))
((Armour fits poorly on your strangely shaped body.))
((You cover ground very quickly.))
((You have extremely tough skin. (AC +3)))


Message History

You magically shoot an arrow.
The arrow barely misses the ogre.
You hear a splash.
The giant cockroach splashes around in the water.
Firing (i - inventory)
d - 72 arrows (quivered)
Aim: an ogre, wielding a +0 giant club (lightly wounded, slow)
You magically shoot an arrow.
The arrow hits the ogre.
You are no longer teleporting projectiles to their destination.
The giant cockroach splashes around in the water.
Unknown command.
Firing (i - inventory)
d - 71 arrows (quivered)
Aim: an ogre, wielding a +0 giant club (lightly wounded, slow)
You shoot an arrow. The arrow hits the giant cockroach.
You kill the giant cockroach!
You hear a splash.
Firing (i - inventory)
d - 70 arrows (quivered)
Aim: an ogre, wielding a +0 giant club (lightly wounded, slow)
You shoot an arrow. The arrow hits the ogre.
You hear a splash.
The ogre hits you with a +0 giant club!
Firing (i - inventory)
d - 69 arrows (quivered)
Aim: an ogre, wielding a +0 giant club (lightly wounded, slow)
You shoot an arrow. The arrow hits the ogre.
All of the chunks of flesh in your inventory have rotted away.
There is an open door here.
You enter the shallow water.
Moving in this stuff is going to be slow.
Firing (i - inventory)
d - 68 arrows (quivered)
Aim: an ogre, wielding a +0 giant club (moderately wounded, slow)
You shoot an arrow. The arrow hits the ogre!
Firing (i - inventory)
d - 67 arrows (quivered)
Aim: an ogre, wielding a +0 giant club (heavily wounded, slow)
You shoot an arrow.
The arrow hits the ogre but does no damage.
Firing (i - inventory)
d - 66 arrows (quivered)
Aim: an ogre, wielding a +0 giant club (heavily wounded, slow)
You shoot an arrow. The arrow completely misses the ogre.
You hear a splash.
The ogre is no longer moving slowly.
The ogre hits you with a +0 giant club!!
* * * LOW HITPOINT WARNING * * *
The ogre hits you with a +0 giant club!!
* * * LOW HITPOINT WARNING * * *
It was a potion of lignification.
You turn into a tree.
Your +1 helmet of see invisible melds into your body.
Your +0 ring mail of cold resistance melds into your body.
You feel less perceptive.
You feel less resistant to cold.
Your roots penetrate the ground.
It was a potion of flight.
Your roots keep you in place.
The ogre hits you with a +0 giant club!
You die...

#≈..# #.#
#≈..# #.#
#≈..# #.#
.#. #≈..#
#.# #.#
#≈≈.# #.#
...###≈≈#
#.#
#(##≈##≈#
#.#
?(.#≈≈#≈#
#.#
##.##≈O♣≈#
#.#
#.(.#≈####
#.# #.##≈#
#.# #.#≈≈##
#.#
##(##≈≈#
#.#
#≈≈(##≈#
#.#
#≈≈#≈≈#≈#
#.#
#≈≈≈###≈≈≈#
#.# ####
##### #.#


You could see an ogre.

Vanquished Creatures
  Sigmund (D:4)
  A sky beast (D:5)
  3 hounds
  An iguana (D:4)
  2 worker ants
  4 adders
  An adder skeleton (D:4)
  5 dart slugs
  2 leopard geckos
  4 orcs
  7 bats
  5 giant cockroaches
  5 goblins
  4 hobgoblins (D:1)
  2 jackals (D:2)
  2 quokkas
  2 ball pythons
  5 frilled lizards
  6 kobolds
  6 rats
68 creatures vanquished.

Notes
Turn   | Place    | Note
-------+----------+-------------------------------------------
     0 | D:1      | MatthieuS the Centaur Arcane Marksman began the quest for
                  | the Orb.
     0 | D:1      | Reached XP level 1. HP: 16/16 MP: 2/2
   246 | D:1      | Reached skill level 3 in Bows
   423 | D:1      | Reached XP level 2. HP: 10/23 MP: 0/3
   737 | D:1      | Learned a level 2 spell: Slow
  1538 | D:2      | Reached XP level 3. HP: 28/28 MP: 3/5
  1657 | D:2      | Reached skill level 4 in Bows
  2815 | D:3      | Reached XP level 4. HP: 36/36 MP: 6/6
  2820 | D:3      | Learned a level 3 spell: Portal Projectile
  3505 | D:4      | Noticed Sigmund
  3912 | D:3      | Reached skill level 5 in Bows
  4141 | D:4      | Killed Sigmund
  4141 | D:4      | Reached skill level 6 in Bows
  4141 | D:4      | Reached XP level 5. HP: 29/45 MP: 3/8
  4141 | D:4      | Reached XP level 6. HP: 33/51 MP: 3/9
  4534 | D:4      | Found Tapteppi's Food Shop.
  5180 | D:4      | Found Nucuack's Weapon Boutique.
  5210 | D:4      | Bought a +2 short sword of venom for 202 gold pieces
  5264 | D:4      | Reached skill level 7 in Bows
  5679 | D:5      | Entered Level 5 of the Dungeon
  5691 | D:5      | Noticed a sky beast
  5704 | D:5      | Killed a sky beast
  5704 | D:5      | Reached XP level 7. HP: 39/58 MP: 9/11
  5952 | D:5      | Slain by an ogre

Levels and vault maps discovered:
D:1:      ncdulo_watergridlock, layout_loops_ring
D:2:      layout_basic, minmay_distorted
D:3:      layout_basic, kennysheep_generic_room_10
D:4:      layout_basic, first_ration, serial_shops,
          nicolae_shop_competitors_out_of_business, shop,
          hangedman_decor_clover_reticule, uniq_sigmund
D:5:      layout_basic, minmay_temple_entry_from_below_a, grunt_ministairs_13,
          hangedman_decor_diamond_cutter, minmay_manual_mullet

Skill      XL: |  1  2  3  4  5  6 |
---------------+-------------------+-----
Bows           | 3 4 6 7 |  7.4
Fighting       | 2 3 |  3.6
Spellcasting   | 2 |  2.8
Dodging        | |  1.3
Hexes          | |  2.6

Action                   |  1- 3 |  4- 6 |  7- 9 || total
-------------------------+-------+-------+-------++-------
Melee: Whip              |    12 |       |       ||    12
       Dagger            |   129 |    98 |       ||   227
       Kick              |    20 |    28 |     1 ||    49
       Short sword       |       |    23 |     2 ||    25
       Scythe            |       |    14 |       ||    14
 Fire: Shortbow          |    17 |    56 |     9 ||    82
 Cast: Corona            |    20 |    22 |     2 ||    44
       Slow              |       |     9 |     1 ||    10
       Portal Projectile |       |       |     1 ||     1
  Use: Scroll            |     6 |     6 |       ||    12
       Potion            |       |     4 |     2 ||     6
  Eat: Chunk             |     6 |     5 |       ||    11
       Ration            |       |     1 |       ||     1
Armor: Robe              |     8 |       |       ||     8
       Ring mail         |    64 |    96 |     1 ||   161
Dodge: Dodged            |    70 |    80 |     1 ||   151

Table legend:
 A = Non-vault XP
 B = Vault XP
 C = Vault XP percentage of total XP
 D = Non-vault monster count
 E = Vault monster count
 F = Vault count percentage of total count
                 A         B        C        D         E       F
            +---------+---------+-------+---------+---------+-------
      Total |     505 |     258 |  33.8 |      62 |       6 |   8.8
            +---------+---------+-------+---------+---------+-------
        D:1 |      35 |       0 |   0.0 |      18 |       0 |   0.0
        D:2 |      46 |      15 |  24.6 |      14 |       3 |  17.6
        D:3 |      95 |       3 |   3.1 |      14 |       1 |   6.7
        D:4 |     193 |     238 |  55.2 |      13 |       1 |   7.1
        D:5 |     136 |       2 |   1.4 |       3 |       1 |  25.0
            +---------+---------+-------+---------+---------+-------
